cohdb
Replays
Latest Replays
All Replays
Popular Replays
Top Player Replays
Match Explorer
How It Works
Community
CoH3 Stats
Reddit
Sign in to upload your games and track your stats! →
Sign in with Steam
Match 35200069
Unlisted
Match 35200069
Overview
Messages
Build Orders
End
Engineer Squad
Engineer Squad
Selects Special Operations Battlegroup
Construct Weapon Support Center
Bazooka Squad
Bazooka Squad
Improved M9 Bazooka Rockets
Selects Raiding Flares
Sniper
Mechanized Support Center
Construct Medical Station
Construct Tank Depot
Selects SSF Commando Squad
SSF Commando Squad
M4A1 Sherman Medium Tank
Selects M29 Weasel with M1 Pack Howitzer
.30 cal Machine Gun
SSF Commando Squad
M4A1 Sherman Medium Tank
.30 cal Machine Gun
M4A1 Sherman Medium Tank
M4A1 Sherman Medium Tank
Raiding Flares
Selects P-47 Anti-Infantry Loiter
Gabe_Real
Tango
Turtleboy
Penazh
★彡ỆĿḄỆḦÏŔÏ彡★
tomamen
0
0
Comments
sign in to comment!
No comments posted yet!